[ AOE2 MATCH · #502635603 ]
UnrankedBritons vs Hindustanis
[ REPLAY ANALYSIS · EXTRACTED FROM THE RECORDED GAME ]
Feudal
13:30
Castle
18:16
Imperial
36:18
| APM avg | 35.4 |
| APM peak | 112 |
| eAPM avg | 13.4 |
| Villagers / military | 107 / 92 |
Focus
⚔️ 37.3% · 🌾 62.7%
Archer ×73 · Longbowman ×17 · Trebuchet (Packed) ×2
Feudal
11:12
Castle
25:44
Imperial
38:49
| APM avg | 100.0 |
| APM peak | 158 |
| eAPM avg | 37.7 |
| Villagers / military | 209 / 144 |
Focus
⚔️ 38.3% · 🌾 61.7%
Camel Scout ×90 · Scout Cavalry ×42 · Hand Cannoneer ×10 · Bombard Cannon ×2
Feudal
13:18
Castle
16:13
Imperial
31:00
| APM avg | 26.0 |
| APM peak | 49 |
| eAPM avg | 16.0 |
| Villagers / military | 116 / 166 |
Focus
⚔️ 34.1% · 🌾 65.9%
Battle Elephant ×126 · Militia ×32 · Spearman ×7 · Monk ×1
Feudal
12:37
Castle
16:27
Imperial
33:48
| APM avg | 33.6 |
| APM peak | 69 |
| eAPM avg | 19.0 |
| Villagers / military | 155 / 115 |
Focus
⚔️ 27.7% · 🌾 72.3%
Mameluke ×106 · Monk ×5 · Trebuchet (Packed) ×4
Feudal
11:54
Castle
16:02
Imperial
30:59
| APM avg | 45.0 |
| APM peak | 78 |
| eAPM avg | 29.7 |
| Villagers / military | 158 / 8 |
Focus
⚔️ 26.3% · 🌾 73.7%
Unknown (2586) ×177 · Unknown (2562) ×51 · Monk ×4 · Trebuchet (Packed) ×4
Feudal
12:13
Castle
24:26
Imperial
43:16
| APM avg | 29.7 |
| APM peak | 47 |
| eAPM avg | 20.2 |
| Villagers / military | 132 / 132 |
Focus
⚔️ 40.2% · 🌾 59.8%
Gbeto ×117 · Spearman ×10 · Scout Cavalry ×4 · Trebuchet (Packed) ×1
Feudal
13:11
Castle
17:06
Imperial
30:39
| APM avg | 41.3 |
| APM peak | 74 |
| eAPM avg | 26.8 |
| Villagers / military | 200 / 236 |
Focus
⚔️ 40.3% · 🌾 59.7%
Skirmisher ×123 · Hand Cannoneer ×62 · Spearman ×44 · Trebuchet (Packed) ×4 · Monk ×2 · Leitis ×1
Feudal
11:14
Castle
21:34
Imperial
35:29
| APM avg | 66.9 |
| APM peak | 120 |
| eAPM avg | 28.8 |
| Villagers / military | 135 / 141 |
Focus
⚔️ 41.7% · 🌾 58.3%
Cavalry Archer ×84 · Scout Cavalry ×47 · Bombard Cannon ×6 · Knight ×1 · Spearman ×1 · Camel Scout ×1
Match map
Initial resources + every placement click. Lines = walls · curves = elevation contours. ◆ gold · ⬟ stone · ● berries · ✦ relic · ◌ wall gap
Your base· Open — unwalled flank
ryannn's base· Open — 8t gap
konitan12's base· Open — unwalled flank
arlesienne's base· ✓ Closed at 16:27 · 29t walls · 1 gate(s)
kome's base· Open — unwalled flank
BM's base· Open — unwalled flank
danob's base· Open — unwalled flank
shohe's base· Open — 11t gap
Smoothed initial terrain · ◌ = detected wall gap · hover for details
Inputs per minute
— 華緑 - - ryannn
Build order — 華緑
First 150 of 289 actions detected
| 0:26 | Build | Town Center |
| 1:50 | Build | House |
| 2:25 | Queue | Villager (Male) |
| 2:26 | Queue | Villager (Male) |
| 2:26 | Queue | Villager (Male) |
| 2:26 | Queue | Villager (Male) |
| 2:27 | Queue | Villager (Male) |
| 3:58 | Queue | Villager (Male) |
| 3:58 | Queue | Villager (Male) |
| 4:09 | Build | House |
| 4:17 | Queue | Villager (Male) |
| 4:50 | Queue | Villager (Male) |
| 4:50 | Queue | Villager (Male) |
| 5:15 | Queue | Villager (Male) |
| 5:15 | Queue | Villager (Male) |
| 5:15 | Queue | Villager (Male) |
| 6:06 | Queue | Villager (Male) |
| 6:06 | Queue | Villager (Male) |
| 6:06 | Queue | Villager (Male) |
| 6:16 | Build | House |
| 6:45 | Queue | Villager (Male) |
| 6:46 | Queue | Villager (Male) |
| 6:46 | Queue | Villager (Male) |
| 7:25 | Build | Mining Camp |
| 7:36 | Build | House |
| 7:52 | Build | House |
| 7:59 | Queue | Villager (Male) |
| 7:59 | Queue | Villager (Male) |
| 7:59 | Queue | Villager (Male) |
| 7:59 | Queue | Villager (Male) |
| 8:11 | Build | House |
| 9:21 | Build | House |
| 9:44 | Queue | Villager (Male) |
| 9:44 | Queue | Villager (Male) |
| 9:55 | Build | House |
| 10:01 | Build | House |
| 10:20 | Research | Loom |
| 10:26 | Build | Lumber Camp |
| 10:57 | Build | House |
| 11:20 | Research | Feudal Age |
| 11:56 | Build | Mill |
| 12:16 | Build | Barracks |
| 12:58 | Queue | Villager (Male) |
| 12:59 | Queue | Villager (Male) |
| 13:30 | Age | Feudal Age |
| 13:43 | Build | Archery Range |
| 14:02 | Queue | Villager (Male) |
| 14:11 | Build | Blacksmith |
| 14:33 | Build | Farm |
| 14:52 | Build | Farm |
| 14:58 | Queue | Villager (Male) |
| 15:23 | Build | Farm |
| 15:36 | Research | Castle Age |
| 16:04 | Build | House |
| 16:09 | Build | House |
| 16:18 | Build | House |
| 16:29 | Build | Archery Range |
| 16:41 | Build | Farm |
| 16:45 | Build | Farm |
| 16:51 | Queue | Archer |
| 16:57 | Build | Farm |
| 17:16 | Build | Farm |
| 17:26 | Research | Double-Bit Axe |
| 17:30 | Queue | Archer |
| 17:40 | Build | House |
| 18:06 | Queue | Archer |
| 18:07 | Queue | Archer |
| 18:16 | Age | Castle Age |
| 18:23 | Research | Fletching |
| 18:31 | Queue | Villager (Male) |
| 19:05 | Queue | Archer |
| 19:06 | Queue | Archer |
| 19:07 | Queue | Villager (Male) |
| 19:13 | Build | Farm |
| 19:19 | Build | Farm |
| 19:30 | Build | Farm |
| 19:33 | Queue | Villager (Male) |
| 19:42 | Queue | Archer |
| 19:42 | Queue | Archer |
| 19:56 | Build | Farm |
| 20:01 | Queue | Villager (Male) |
| 20:09 | Build | Town Center |
| 20:15 | Queue | Archer |
| 20:16 | Queue | Archer |
| 20:23 | Build | House |
| 20:32 | Queue | Villager (Male) |
| 20:58 | Research | Gold Mining |
| 21:01 | Queue | Villager (Male) |
| 21:10 | Queue | Archer |
| 21:27 | Queue | Archer |
| 21:30 | Queue | Archer |
| 21:34 | Queue | Villager (Male) |
| 21:34 | Queue | Villager (Male) |
| 21:34 | Queue | Villager (Male) |
| 22:03 | Build | Farm |
| 22:09 | Build | Farm |
| 22:22 | Build | House |
| 22:24 | Build | House |
| 22:26 | Build | House |
| 22:29 | Build | House |
| 22:38 | Research | Crossbowman (upgrade) |
| 22:39 | Queue | Archer |
| 22:43 | Queue | Villager (Male) |
| 22:43 | Queue | Villager (Male) |
| 22:48 | Build | Farm |
| 22:55 | Queue | Villager (Male) |
| 23:01 | Queue | Archer |
| 23:01 | Queue | Archer |
| 23:01 | Queue | Archer |
| 23:13 | Build | Farm |
| 23:16 | Queue | Villager (Male) |
| 23:37 | Build | Farm |
| 23:43 | Queue | Villager (Male) |
| 23:44 | Queue | Villager (Male) |
| 23:48 | Build | Farm |
| 24:02 | Queue | Archer |
| 24:03 | Queue | Archer |
| 24:30 | Build | Mining Camp |
| 24:37 | Queue | Archer |
| 24:37 | Queue | Archer |
| 24:39 | Research | Bodkin Arrow |
| 24:40 | Queue | Villager (Male) |
| 24:41 | Queue | Villager (Male) |
| 24:41 | Queue | Villager (Male) |
| 24:53 | Build | Farm |
| 25:02 | Queue | Villager (Male) |
| 25:02 | Queue | Villager (Male) |
| 25:05 | Queue | Archer |
| 25:05 | Queue | Archer |
| 25:05 | Queue | Archer |
| 25:18 | Build | House |
| 25:19 | Build | House |
| 25:22 | Queue | Villager (Male) |
| 25:22 | Queue | Villager (Male) |
| 25:23 | Queue | Archer |
| 25:23 | Queue | Archer |
| 25:54 | Queue | Villager (Male) |
| 25:54 | Queue | Villager (Male) |
| 25:56 | Build | Farm |
| 25:57 | Queue | Archer |
| 25:58 | Queue | Archer |
| 26:15 | Queue | Villager (Male) |
| 26:15 | Queue | Villager (Male) |
| 26:20 | Queue | Archer |
| 26:21 | Queue | Archer |
| 27:01 | Queue | Villager (Male) |
| 27:01 | Queue | Villager (Male) |
| 27:06 | Build | University |
| 27:33 | Queue | Archer |
| 27:34 | Queue | Archer |
Build order — ryannn
First 150 of 581 actions detected
| 0:12 | Build | Town Center |
| 0:20 | Build | Town Center |
| 2:11 | Queue | Villager (Male) |
| 2:11 | Queue | Villager (Male) |
| 2:11 | Queue | Villager (Male) |
| 2:12 | Queue | Villager (Male) |
| 2:12 | Queue | Villager (Male) |
| 2:15 | Build | House |
| 3:09 | Queue | Villager (Male) |
| 3:59 | Queue | Villager (Male) |
| 3:59 | Queue | Villager (Male) |
| 4:29 | Build | House |
| 4:35 | Queue | Villager (Male) |
| 4:35 | Queue | Villager (Male) |
| 4:56 | Build | House |
| 5:12 | Queue | Villager (Male) |
| 5:12 | Queue | Villager (Male) |
| 5:13 | Queue | Villager (Male) |
| 5:17 | Build | House |
| 5:32 | Queue | Villager (Male) |
| 5:32 | Queue | Villager (Male) |
| 6:06 | Build | House |
| 6:08 | Queue | Villager (Male) |
| 6:08 | Queue | Villager (Male) |
| 6:10 | Queue | Villager (Male) |
| 6:14 | Build | House |
| 6:35 | Build | House |
| 6:40 | Build | Mill |
| 6:46 | Queue | Villager (Male) |
| 6:46 | Queue | Villager (Male) |
| 6:47 | Queue | Villager (Male) |
| 6:48 | Build | House |
| 6:58 | Queue | Villager (Male) |
| 6:58 | Queue | Villager (Male) |
| 7:35 | Build | Lumber Camp |
| 7:38 | Queue | Villager (Male) |
| 7:39 | Queue | Villager (Male) |
| 8:15 | Research | Loom |
| 8:22 | Queue | Villager (Male) |
| 8:22 | Queue | Villager (Male) |
| 9:02 | Research | Feudal Age |
| 9:02 | Research | Feudal Age |
| 9:45 | Build | Barracks |
| 10:09 | Queue | Villager (Male) |
| 10:11 | Build | House |
| 10:26 | Queue | Villager (Male) |
| 10:28 | Queue | Villager (Male) |
| 10:57 | Queue | Villager (Male) |
| 11:12 | Age | Feudal Age |
| 11:13 | Build | Stable |
| 11:20 | Research | Double-Bit Axe |
| 11:20 | Research | Double-Bit Axe |
| 11:21 | Queue | Villager (Male) |
| 11:40 | Build | House |
| 11:46 | Queue | Villager (Male) |
| 11:59 | Queue | Scout Cavalry |
| 12:06 | Build | House |
| 12:10 | Queue | Scout Cavalry |
| 12:14 | Queue | Villager (Male) |
| 12:14 | Queue | Villager (Male) |
| 12:17 | Queue | Villager (Male) |
| 12:30 | Build | House |
| 12:36 | Queue | Scout Cavalry |
| 12:44 | Build | Gate |
| 12:45 | Build | Stone Wall |
| 12:55 | Research | Horse Collar |
| 13:08 | Build | Farm |
| 13:22 | Build | House |
| 13:31 | Queue | Villager (Male) |
| 13:33 | Queue | Villager (Male) |
| 13:34 | Queue | Scout Cavalry |
| 13:34 | Queue | Scout Cavalry |
| 13:39 | Build | Farm |
| 13:53 | Build | House |
| 13:56 | Queue | Scout Cavalry |
| 13:56 | Queue | Villager (Male) |
| 13:57 | Queue | Villager (Male) |
| 14:25 | Build | House |
| 14:32 | Build | Farm |
| 14:36 | Build | Farm |
| 14:37 | Build | Farm |
| 14:38 | Build | Farm |
| 14:39 | Queue | Villager (Male) |
| 14:58 | Queue | Villager (Male) |
| 15:00 | Queue | Villager (Male) |
| 15:02 | Build | House |
| 15:04 | Queue | Villager (Male) |
| 15:23 | Build | Stone Wall |
| 15:26 | Queue | Scout Cavalry |
| 15:27 | Queue | Scout Cavalry |
| 15:32 | Build | Blacksmith |
| 15:36 | Build | House |
| 15:40 | Build | Farm |
| 15:41 | Queue | Villager (Male) |
| 16:07 | Queue | Scout Cavalry |
| 16:15 | Queue | Villager (Male) |
| 16:18 | Build | House |
| 16:20 | Build | Farm |
| 16:29 | Research | Forging |
| 16:54 | Queue | Villager (Male) |
| 17:00 | Build | House |
| 17:06 | Queue | Villager (Male) |
| 17:09 | Build | Farm |
| 17:10 | Build | Farm |
| 17:12 | Build | Farm |
| 17:13 | Build | Farm |
| 17:24 | Build | Mining Camp |
| 17:28 | Queue | Scout Cavalry |
| 17:32 | Build | House |
| 17:33 | Build | House |
| 17:44 | Research | Scale Barding Armor |
| 18:15 | Queue | Scout Cavalry |
| 18:15 | Queue | Villager (Male) |
| 18:18 | Build | Farm |
| 18:20 | Build | Farm |
| 18:36 | Queue | Villager (Male) |
| 18:38 | Queue | Villager (Male) |
| 18:38 | Queue | Villager (Male) |
| 18:48 | Queue | Scout Cavalry |
| 19:04 | Build | House |
| 19:07 | Queue | Scout Cavalry |
| 19:08 | Queue | Villager (Male) |
| 19:08 | Queue | Villager (Male) |
| 19:13 | Build | Farm |
| 19:13 | Build | Farm |
| 19:14 | Build | Farm |
| 19:15 | Build | Farm |
| 19:44 | Build | House |
| 19:45 | Build | House |
| 19:49 | Research | Wheelbarrow |
| 20:14 | Queue | Scout Cavalry |
| 20:17 | Build | Farm |
| 20:28 | Queue | Scout Cavalry |
| 20:55 | Build | Farm |
| 21:12 | Queue | Scout Cavalry |
| 21:14 | Queue | Villager (Male) |
| 21:20 | Queue | Villager (Male) |
| 21:44 | Queue | Villager (Male) |
| 22:11 | Build | Market |
| 22:16 | Queue | Scout Cavalry |
| 22:30 | Research | Gold Mining |
| 22:32 | Queue | Villager (Male) |
| 23:04 | Research | Castle Age |
| 23:17 | Build | Farm |
| 24:23 | Research | Bloodlines |
| 24:24 | Queue | Scout Cavalry |
| 24:24 | Queue | Scout Cavalry |
| 24:45 | Build | Stable |
| 24:50 | Queue | Scout Cavalry |
| 24:50 | Queue | Scout Cavalry |
Build order — konitan12
First 150 of 380 actions detected
| 0:10 | Build | Town Center |
| 1:51 | Build | House |
| 1:57 | Queue | Villager (Male) |
| 1:57 | Queue | Villager (Male) |
| 1:57 | Queue | Villager (Male) |
| 1:57 | Queue | Villager (Male) |
| 3:28 | Queue | Villager (Male) |
| 3:40 | Build | House |
| 3:58 | Queue | Villager (Male) |
| 4:15 | Build | Lumber Camp |
| 4:23 | Queue | Villager (Male) |
| 4:24 | Queue | Villager (Male) |
| 4:54 | Queue | Villager (Male) |
| 5:22 | Queue | Villager (Male) |
| 5:34 | Build | House |
| 5:35 | Build | House |
| 5:39 | Queue | Villager (Male) |
| 6:08 | Queue | Villager (Male) |
| 6:18 | Queue | Villager (Male) |
| 6:33 | Queue | Villager (Male) |
| 7:15 | Build | Mill |
| 7:34 | Queue | Villager (Male) |
| 7:57 | Queue | Villager (Male) |
| 8:30 | Queue | Villager (Male) |
| 9:03 | Build | Mining Camp |
| 9:23 | Build | House |
| 9:27 | Queue | Villager (Male) |
| 9:28 | Queue | Villager (Male) |
| 9:28 | Queue | Villager (Male) |
| 9:54 | Queue | Villager (Male) |
| 10:04 | Build | House |
| 10:42 | Queue | Villager (Male) |
| 11:21 | Research | Loom |
| 12:00 | Research | Feudal Age |
| 12:24 | Build | Palisade Wall |
| 12:28 | Build | Palisade Wall |
| 12:57 | Build | House |
| 13:01 | Queue | Villager (Male) |
| 13:01 | Queue | Villager (Male) |
| 13:01 | Queue | Villager (Male) |
| 13:18 | Age | Feudal Age |
| 13:24 | Build | Market |
| 13:32 | Build | Blacksmith |
| 13:42 | Build | Palisade Wall |
| 14:13 | Build | Farm |
| 14:14 | Build | Farm |
| 14:17 | Build | Farm |
| 14:28 | Research | Double-Bit Axe |
| 14:31 | Research | Horse Collar |
| 14:33 | Research | Castle Age |
| 14:41 | Build | Farm |
| 15:00 | Build | Farm |
| 15:03 | Build | Farm |
| 16:12 | Queue | Villager (Male) |
| 16:13 | Age | Castle Age |
| 16:17 | Build | Town Center |
| 16:33 | Build | House |
| 16:34 | Queue | Villager (Male) |
| 16:35 | Queue | Villager (Male) |
| 16:40 | Build | Farm |
| 16:54 | Queue | Villager (Male) |
| 17:00 | Build | House |
| 17:01 | Build | House |
| 17:06 | Build | Farm |
| 17:14 | Queue | Villager (Male) |
| 17:16 | Queue | Villager (Male) |
| 17:27 | Build | Monastery |
| 17:29 | Build | Palisade Wall |
| 17:35 | Build | Farm |
| 17:37 | Build | Farm |
| 17:42 | Build | Farm |
| 17:43 | Build | Farm |
| 17:45 | Queue | Villager (Male) |
| 17:45 | Queue | Villager (Male) |
| 17:55 | Queue | Villager (Male) |
| 18:12 | Build | Farm |
| 18:17 | Build | Farm |
| 18:20 | Build | Farm |
| 18:22 | Queue | Monk |
| 18:30 | Build | Farm |
| 18:31 | Queue | Villager (Male) |
| 18:32 | Queue | Villager (Male) |
| 18:36 | Build | Farm |
| 18:41 | Build | House |
| 18:42 | Build | House |
| 18:46 | Build | House |
| 18:49 | Build | House |
| 18:54 | Queue | Villager (Male) |
| 18:55 | Queue | Villager (Male) |
| 19:18 | Queue | Villager (Male) |
| 19:19 | Queue | Villager (Male) |
| 19:35 | Build | Town Center |
| 19:38 | Build | Palisade Wall |
| 19:40 | Build | Palisade Wall |
| 19:42 | Build | Palisade Wall |
| 19:49 | Queue | Villager (Male) |
| 19:50 | Queue | Villager (Male) |
| 19:50 | Queue | Villager (Male) |
| 20:04 | Queue | Villager (Male) |
| 20:12 | Build | Farm |
| 20:16 | Build | House |
| 20:17 | Build | House |
| 20:19 | Build | House |
| 20:20 | Build | House |
| 20:25 | Queue | Villager (Male) |
| 20:26 | Queue | Villager (Male) |
| 20:27 | Queue | Villager (Male) |
| 20:28 | Queue | Villager (Male) |
| 20:39 | Build | University |
| 20:45 | Queue | Villager (Male) |
| 21:03 | Queue | Villager (Male) |
| 21:06 | Research | Gold Mining |
| 21:29 | Build | Palisade Wall |
| 21:49 | Research | Wheelbarrow |
| 21:53 | Build | House |
| 21:57 | Queue | Villager (Male) |
| 22:02 | Build | House |
| 22:07 | Queue | Villager (Male) |
| 22:08 | Queue | Villager (Male) |
| 22:25 | Queue | Villager (Male) |
| 22:26 | Queue | Villager (Male) |
| 22:31 | Build | Barracks |
| 22:48 | Build | House |
| 22:51 | Build | House |
| 22:52 | Queue | Villager (Male) |
| 22:52 | Queue | Villager (Male) |
| 22:52 | Queue | Villager (Male) |
| 22:58 | Build | Farm |
| 22:58 | Build | Farm |
| 22:59 | Build | Farm |
| 22:59 | Build | Farm |
| 23:12 | Queue | Villager (Male) |
| 23:16 | Build | House |
| 23:39 | Queue | Spearman |
| 23:50 | Build | Stable |
| 23:58 | Queue | Spearman |
| 23:58 | Queue | Spearman |
| 24:02 | Queue | Villager (Male) |
| 24:02 | Queue | Villager (Male) |
| 24:03 | Queue | Villager (Male) |
| 24:06 | Build | Farm |
| 24:07 | Build | Farm |
| 24:08 | Build | Farm |
| 24:10 | Queue | Spearman |
| 24:27 | Build | Town Center |
| 24:36 | Queue | Villager (Male) |
| 24:42 | Build | House |
| 24:49 | Queue | Battle Elephant |
| 24:51 | Queue | Villager (Male) |
| 24:52 | Queue | Villager (Male) |
Build order — arlesienne
First 150 of 443 actions detected
| 0:08 | Build | Town Center |
| 2:02 | Build | House |
| 2:06 | Queue | Villager (Male) |
| 2:07 | Queue | Villager (Male) |
| 2:07 | Queue | Villager (Male) |
| 2:07 | Queue | Villager (Male) |
| 2:07 | Queue | Villager (Male) |
| 3:15 | Queue | Villager (Male) |
| 3:15 | Queue | Villager (Male) |
| 3:35 | Build | Lumber Camp |
| 4:03 | Queue | Villager (Male) |
| 4:15 | Build | House |
| 4:30 | Queue | Villager (Male) |
| 4:45 | Queue | Villager (Male) |
| 4:46 | Queue | Villager (Male) |
| 5:02 | Build | House |
| 5:08 | Queue | Villager (Male) |
| 5:08 | Queue | Villager (Male) |
| 5:38 | Queue | Villager (Male) |
| 5:56 | Queue | Villager (Male) |
| 6:32 | Queue | Villager (Male) |
| 6:33 | Queue | Villager (Male) |
| 6:54 | Queue | Villager (Male) |
| 6:55 | Queue | Villager (Male) |
| 6:55 | Queue | Villager (Male) |
| 7:18 | Queue | Villager (Male) |
| 7:18 | Queue | Villager (Male) |
| 7:25 | Build | Mill |
| 7:39 | Build | House |
| 8:00 | Queue | Villager (Male) |
| 8:25 | Build | Palisade Wall |
| 8:50 | Queue | Villager (Male) |
| 8:51 | Queue | Villager (Male) |
| 9:35 | Build | Mining Camp |
| 9:46 | Queue | Villager (Male) |
| 10:10 | Research | Feudal Age |
| 10:32 | Build | House |
| 10:56 | Queue | Villager (Male) |
| 11:24 | Build | Palisade Wall |
| 11:42 | Queue | Villager (Male) |
| 12:37 | Age | Feudal Age |
| 12:39 | Build | Market |
| 12:41 | Build | Blacksmith |
| 12:59 | Build | House |
| 13:06 | Build | Palisade Wall |
| 13:42 | Build | Palisade Wall |
| 13:43 | Build | Palisade Wall |
| 13:47 | Research | Castle Age |
| 13:47 | Research | Castle Age |
| 14:00 | Build | House |
| 14:32 | Build | Palisade Wall |
| 14:32 | Build | Palisade Wall |
| 14:36 | Build | Palisade Gate |
| 14:51 | Research | Double-Bit Axe |
| 14:51 | Research | Double-Bit Axe |
| 15:04 | Build | Farm |
| 15:19 | Build | Farm |
| 16:06 | Queue | Villager (Male) |
| 16:11 | Build | Farm |
| 16:27 | Age | Castle Age |
| 16:29 | Build | Town Center |
| 16:31 | Queue | Villager (Male) |
| 16:50 | Build | Castle |
| 16:57 | Queue | Villager (Male) |
| 17:08 | Build | Farm |
| 17:14 | Build | House |
| 17:21 | Queue | Villager (Male) |
| 17:27 | Build | Farm |
| 17:40 | Build | House |
| 17:50 | Build | Farm |
| 17:51 | Build | Farm |
| 18:03 | Queue | Villager (Male) |
| 18:16 | Build | Farm |
| 18:17 | Build | Farm |
| 18:22 | Build | House |
| 18:25 | Build | Stone Wall |
| 18:27 | Queue | Villager (Male) |
| 18:35 | Queue | Villager (Male) |
| 18:36 | Queue | Villager (Male) |
| 19:00 | Research | Loom |
| 19:05 | Build | Farm |
| 19:11 | Build | Palisade Wall |
| 19:13 | Queue | Villager (Male) |
| 19:14 | Queue | Villager (Male) |
| 19:16 | Build | Farm |
| 19:19 | Queue | Mameluke |
| 19:38 | Build | Farm |
| 19:44 | Build | Palisade Gate |
| 19:45 | Queue | Mameluke |
| 19:59 | Queue | Villager (Male) |
| 20:17 | Queue | Mameluke |
| 20:22 | Build | Farm |
| 20:32 | Queue | Mameluke |
| 20:53 | Build | Town Center |
| 20:55 | Queue | Villager (Male) |
| 20:56 | Queue | Villager (Male) |
| 21:01 | Build | Farm |
| 21:07 | Build | Farm |
| 21:14 | Queue | Mameluke |
| 21:14 | Queue | Mameluke |
| 21:33 | Queue | Mameluke |
| 21:34 | Queue | Villager (Male) |
| 21:38 | Build | Farm |
| 21:51 | Queue | Mameluke |
| 22:20 | Queue | Mameluke |
| 22:21 | Queue | Villager (Male) |
| 22:24 | Build | Farm |
| 22:24 | Build | Farm |
| 22:25 | Queue | Villager (Male) |
| 22:39 | Queue | Mameluke |
| 22:56 | Queue | Villager (Male) |
| 22:57 | Queue | Villager (Male) |
| 22:59 | Queue | Villager (Male) |
| 23:02 | Build | Farm |
| 23:02 | Build | Farm |
| 23:38 | Queue | Mameluke |
| 23:38 | Queue | Villager (Male) |
| 23:54 | Queue | Villager (Male) |
| 23:54 | Queue | Villager (Male) |
| 23:54 | Queue | Villager (Male) |
| 23:57 | Build | Farm |
| 23:58 | Queue | Mameluke |
| 24:24 | Queue | Villager (Male) |
| 24:24 | Queue | Villager (Male) |
| 24:24 | Queue | Villager (Male) |
| 24:27 | Build | Farm |
| 24:36 | Queue | Villager (Male) |
| 25:06 | Queue | Villager (Male) |
| 25:06 | Queue | Villager (Male) |
| 25:10 | Build | House |
| 25:10 | Build | House |
| 25:10 | Build | House |
| 25:10 | Build | House |
| 25:18 | Build | Town Center |
| 25:39 | Queue | Villager (Male) |
| 25:40 | Research | Wheelbarrow |
| 25:41 | Queue | Villager (Male) |
| 25:41 | Queue | Villager (Male) |
| 26:02 | Queue | Villager (Male) |
| 26:02 | Queue | Villager (Male) |
| 26:03 | Queue | Mameluke |
| 26:03 | Queue | Mameluke |
| 26:22 | Queue | Villager (Male) |
| 26:23 | Queue | Villager (Male) |
| 26:23 | Queue | Villager (Male) |
| 26:26 | Build | Farm |
| 26:43 | Build | Town Center |
| 27:00 | Research | Scale Barding Armor |
| 27:00 | Queue | Mameluke |
| 27:01 | Queue | Mameluke |
Build order — kome
First 150 of 477 actions detected
| 0:08 | Build | Town Center |
| 0:34 | Build | House |
| 1:49 | Queue | Villager (Male) |
| 1:49 | Queue | Villager (Male) |
| 1:49 | Queue | Villager (Male) |
| 1:49 | Queue | Villager (Male) |
| 2:59 | Queue | Villager (Male) |
| 3:40 | Queue | Villager (Male) |
| 3:57 | Build | Settlement |
| 3:59 | Queue | Villager (Male) |
| 4:06 | Build | House |
| 4:17 | Queue | Villager (Male) |
| 4:17 | Queue | Villager (Male) |
| 4:39 | Queue | Villager (Male) |
| 5:07 | Queue | Villager (Male) |
| 5:19 | Build | House |
| 5:35 | Build | House |
| 5:38 | Queue | Villager (Male) |
| 6:01 | Queue | Villager (Male) |
| 6:14 | Queue | Villager (Male) |
| 6:37 | Build | Settlement |
| 6:42 | Build | House |
| 6:50 | Queue | Villager (Male) |
| 7:22 | Queue | Villager (Male) |
| 7:22 | Queue | Villager (Male) |
| 7:25 | Queue | Villager (Male) |
| 7:48 | Queue | Villager (Male) |
| 8:03 | Build | House |
| 8:16 | Research | Loom |
| 8:16 | Research | Loom |
| 9:22 | Research | Feudal Age |
| 9:41 | Build | House |
| 9:45 | Build | Palisade Wall |
| 9:49 | Build | Palisade Wall |
| 11:14 | Queue | Villager (Male) |
| 11:54 | Age | Feudal Age |
| 11:58 | Build | Blacksmith |
| 12:02 | Build | Market |
| 12:10 | Queue | Villager (Male) |
| 12:28 | Build | House |
| 12:47 | Build | House |
| 13:12 | Build | House |
| 13:22 | Research | Castle Age |
| 14:28 | Research | Double-Bit Axe |
| 14:35 | Build | Farm |
| 14:35 | Build | Farm |
| 14:36 | Build | Farm |
| 14:55 | Build | Farm |
| 15:45 | Queue | Villager (Male) |
| 16:02 | Age | Castle Age |
| 16:10 | Build | Farm |
| 16:11 | Queue | Villager (Male) |
| 16:15 | Build | Town Center |
| 16:28 | Build | Farm |
| 16:32 | Build | Farm |
| 16:33 | Queue | Villager (Male) |
| 16:54 | Build | Farm |
| 17:06 | Queue | Villager (Male) |
| 17:22 | Build | Monastery |
| 17:25 | Queue | Villager (Male) |
| 17:40 | Build | Farm |
| 17:51 | Research | Horse Collar |
| 17:53 | Queue | Villager (Male) |
| 18:01 | Queue | Villager (Male) |
| 18:15 | Build | House |
| 18:35 | Queue | Villager (Male) |
| 18:38 | Queue | Villager (Male) |
| 18:45 | Build | Farm |
| 18:49 | Build | Farm |
| 18:54 | Build | House |
| 18:55 | Build | House |
| 18:59 | Build | House |
| 19:01 | Queue | Monk |
| 19:04 | Queue | Villager (Male) |
| 19:05 | Queue | Villager (Male) |
| 19:14 | Queue | Villager (Male) |
| 19:30 | Queue | Villager (Male) |
| 19:37 | Queue | Villager (Male) |
| 19:47 | Queue | Villager (Male) |
| 19:58 | Build | Farm |
| 19:59 | Queue | Villager (Male) |
| 20:05 | Build | Farm |
| 20:13 | Queue | Villager (Male) |
| 20:15 | Build | Town Center |
| 20:17 | Queue | Villager (Male) |
| 20:29 | Queue | Monk |
| 20:33 | Queue | Villager (Male) |
| 20:49 | Queue | Villager (Male) |
| 20:52 | Queue | Villager (Male) |
| 20:57 | Build | Palisade Gate |
| 20:58 | Queue | Villager (Male) |
| 21:08 | Build | Farm |
| 21:11 | Build | Farm |
| 21:11 | Queue | Villager (Male) |
| 21:19 | Queue | Villager (Male) |
| 21:31 | Queue | Monk |
| 21:44 | Research | Gold Mining |
| 21:44 | Queue | Villager (Male) |
| 21:54 | Queue | Villager (Male) |
| 21:59 | Queue | Villager (Male) |
| 22:04 | Build | Farm |
| 22:05 | Build | Farm |
| 22:09 | Queue | Villager (Male) |
| 22:26 | Queue | Villager (Male) |
| 22:28 | Build | Farm |
| 22:50 | Research | Bow Saw |
| 22:56 | Queue | Villager (Male) |
| 22:57 | Queue | Villager (Male) |
| 22:58 | Queue | Villager (Male) |
| 23:01 | Queue | Villager (Male) |
| 23:13 | Queue | Villager (Male) |
| 23:16 | Build | Farm |
| 23:19 | Queue | Villager (Male) |
| 23:23 | Build | Farm |
| 23:33 | Queue | Villager (Male) |
| 23:46 | Queue | Villager (Male) |
| 23:50 | Queue | Villager (Male) |
| 23:55 | Build | Farm |
| 23:55 | Queue | Villager (Male) |
| 23:59 | Queue | Monk |
| 24:13 | Build | Farm |
| 24:15 | Build | Farm |
| 24:15 | Build | Farm |
| 24:15 | Build | Farm |
| 24:17 | Queue | Villager (Male) |
| 24:27 | Queue | Villager (Male) |
| 24:33 | Research | Heavy Plow |
| 24:33 | Research | Heavy Plow |
| 24:34 | Queue | Villager (Male) |
| 24:40 | Queue | Villager (Male) |
| 24:54 | Research | Wheelbarrow |
| 25:00 | Build | House |
| 25:05 | Build | House |
| 25:06 | Queue | Villager (Male) |
| 25:08 | Research | Town Watch |
| 25:09 | Queue | Villager (Male) |
| 25:46 | Queue | Villager (Male) |
| 25:50 | Build | House |
| 25:50 | Build | House |
| 25:50 | Build | House |
| 25:50 | Build | House |
| 25:52 | Queue | Villager (Male) |
| 25:53 | Build | Farm |
| 25:54 | Build | Farm |
| 25:58 | Queue | Villager (Male) |
| 26:17 | Build | Castle |
| 26:31 | Queue | Villager (Male) |
| 26:36 | Research | Stone Mining |
| 26:36 | Queue | Villager (Male) |
| 26:39 | Build | House |
Build order — BM
First 150 of 435 actions detected
| 0:24 | Build | Town Center |
| 2:16 | Queue | Villager (Male) ×4 |
| 2:19 | Build | House |
| 2:21 | Build | House |
| 3:57 | Queue | Villager (Male) |
| 4:18 | Queue | Villager (Male) |
| 4:48 | Queue | Villager (Male) |
| 5:10 | Queue | Villager (Male) |
| 5:11 | Queue | Villager (Male) |
| 5:34 | Queue | Villager (Male) |
| 5:34 | Queue | Villager (Male) |
| 5:57 | Queue | Villager (Male) |
| 6:12 | Queue | Villager (Male) |
| 6:12 | Queue | Villager (Male) |
| 6:25 | Build | House |
| 6:33 | Build | House |
| 6:57 | Build | Lumber Camp |
| 7:17 | Build | Palisade Wall |
| 7:18 | Build | Palisade Gate |
| 7:29 | Queue | Villager (Male) |
| 7:51 | Queue | Villager (Male) |
| 7:55 | Build | Palisade Wall |
| 7:56 | Build | Palisade Wall |
| 8:26 | Queue | Villager (Male) |
| 9:12 | Queue | Villager (Male) |
| 9:34 | Build | Mining Camp |
| 9:38 | Research | Loom |
| 9:49 | Build | House |
| 9:56 | Build | House |
| 10:01 | Research | Feudal Age |
| 10:08 | Queue | Villager (Male) |
| 10:23 | Queue | Villager (Male) |
| 10:55 | Build | House |
| 11:12 | Build | House |
| 11:25 | Build | Barracks |
| 11:29 | Build | House |
| 11:57 | Build | House |
| 12:13 | Age | Feudal Age |
| 12:20 | Build | Stable |
| 12:26 | Research | Double-Bit Axe |
| 12:43 | Build | Palisade Wall |
| 12:44 | Build | Palisade Gate |
| 12:54 | Queue | Villager (Male) |
| 13:08 | Queue | Scout Cavalry |
| 13:08 | Queue | Scout Cavalry |
| 13:23 | Queue | Villager (Male) |
| 13:24 | Queue | Scout Cavalry |
| 13:26 | Queue | Villager (Male) |
| 13:44 | Queue | Villager (Male) |
| 13:50 | Build | House |
| 13:57 | Build | House |
| 14:04 | Queue | Scout Cavalry |
| 14:16 | Build | House |
| 14:23 | Queue | Spearman |
| 14:34 | Build | Mill |
| 14:53 | Build | House |
| 14:58 | Queue | Villager (Male) |
| 15:21 | Queue | Villager (Male) |
| 15:24 | Build | House |
| 15:30 | Research | Horse Collar |
| 15:34 | Build | Farm |
| 15:35 | Build | Farm |
| 15:35 | Build | Farm |
| 15:35 | Build | Farm |
| 15:36 | Build | Farm |
| 15:36 | Build | Farm |
| 15:36 | Build | Farm |
| 15:39 | Queue | Villager (Male) |
| 15:47 | Build | House |
| 16:09 | Queue | Spearman |
| 16:21 | Queue | Villager (Male) |
| 16:21 | Queue | Villager (Male) |
| 16:21 | Queue | Villager (Male) |
| 16:28 | Build | Palisade Gate |
| 16:31 | Build | House |
| 16:32 | Build | House |
| 16:33 | Queue | Villager (Male) |
| 16:45 | Queue | Spearman |
| 16:52 | Build | Farm |
| 16:57 | Queue | Spearman |
| 17:00 | Build | Farm |
| 17:05 | Build | Farm |
| 17:06 | Queue | Villager (Male) |
| 17:21 | Build | Palisade Wall |
| 17:23 | Queue | Villager (Male) |
| 17:29 | Build | Farm |
| 17:31 | Queue | Villager (Male) |
| 17:53 | Build | House |
| 17:57 | Build | House |
| 18:04 | Build | House |
| 18:09 | Queue | Villager (Male) |
| 18:19 | Queue | Spearman |
| 18:36 | Queue | Spearman |
| 18:52 | Build | Farm |
| 18:53 | Queue | Spearman |
| 19:04 | Queue | Spearman |
| 19:05 | Queue | Villager (Male) |
| 19:09 | Build | Farm |
| 19:20 | Build | Palisade Wall |
| 19:33 | Queue | Villager (Male) |
| 19:47 | Build | House |
| 20:00 | Queue | Villager (Male) |
| 20:08 | Build | Blacksmith |
| 20:23 | Research | Wheelbarrow |
| 20:39 | Build | House |
| 20:54 | Build | Palisade Gate |
| 21:21 | Research | Castle Age |
| 21:24 | Build | Mining Camp |
| 21:51 | Build | Farm |
| 22:22 | Queue | Spearman |
| 22:22 | Queue | Spearman |
| 22:25 | Research | Scale Mail Armor |
| 23:03 | Build | Palisade Gate |
| 24:11 | Queue | Villager (Male) |
| 24:21 | Research | Fletching |
| 24:26 | Age | Castle Age |
| 24:32 | Research | Squires |
| 24:37 | Queue | Villager (Male) |
| 25:05 | Queue | Villager (Male) |
| 25:16 | Build | Town Center |
| 25:38 | Build | House |
| 26:05 | Build | Town Center |
| 26:08 | Queue | Villager (Male) |
| 26:14 | Build | Castle |
| 26:16 | Queue | Villager (Male) |
| 26:47 | Queue | Villager (Male) |
| 26:54 | Queue | Villager (Male) |
| 26:55 | Queue | Villager (Male) |
| 26:55 | Queue | Villager (Male) |
| 27:07 | Research | Chain Mail Armor |
| 27:13 | Queue | Villager (Male) |
| 27:20 | Research | Bow Saw |
| 27:37 | Queue | Gbeto |
| 27:43 | Build | Farm |
| 27:45 | Build | Farm |
| 27:45 | Build | Farm |
| 27:49 | Queue | Villager (Male) |
| 28:03 | Build | Farm |
| 28:05 | Build | Farm |
| 28:09 | Build | Farm |
| 28:09 | Build | Farm |
| 28:24 | Queue | Villager (Male) |
| 28:30 | Build | Farm |
| 28:35 | Build | Farm |
| 28:35 | Build | Farm |
| 28:35 | Build | Farm |
| 28:36 | Build | Farm |
| 28:36 | Build | Farm |
| 28:36 | Build | Farm |
| 28:37 | Build | Farm |
Build order — danob
First 150 of 532 actions detected
| 0:07 | Build | Town Center |
| 2:15 | Build | House |
| 2:16 | Queue | Villager (Male) |
| 2:16 | Queue | Villager (Male) |
| 2:16 | Queue | Villager (Male) |
| 2:16 | Queue | Villager (Male) |
| 2:18 | Queue | Villager (Male) |
| 2:18 | Queue | Villager (Male) |
| 2:18 | Queue | Villager (Male) |
| 3:37 | Build | House |
| 3:42 | Queue | Villager (Male) |
| 3:42 | Queue | Villager (Male) |
| 3:54 | Build | House |
| 4:10 | Build | House |
| 4:15 | Queue | Villager (Male) |
| 4:15 | Queue | Villager (Male) |
| 4:15 | Queue | Villager (Male) |
| 4:24 | Build | Lumber Camp |
| 4:36 | Queue | Villager (Male) |
| 4:36 | Queue | Villager (Male) |
| 4:43 | Build | House |
| 5:24 | Queue | Villager (Male) |
| 5:46 | Build | House |
| 6:02 | Queue | Villager (Male) |
| 6:03 | Queue | Villager (Male) |
| 6:15 | Queue | Villager (Male) |
| 6:15 | Queue | Villager (Male) |
| 6:15 | Queue | Villager (Male) |
| 6:18 | Queue | Villager (Male) |
| 6:35 | Build | House |
| 7:34 | Build | House |
| 7:42 | Queue | Villager (Male) |
| 7:43 | Queue | Villager (Male) |
| 7:43 | Queue | Villager (Male) |
| 7:49 | Queue | Villager (Male) |
| 7:57 | Queue | Villager (Male) |
| 7:57 | Queue | Villager (Male) |
| 8:02 | Build | Mill |
| 9:16 | Build | House |
| 9:34 | Build | House |
| 9:39 | Build | House |
| 9:55 | Build | House |
| 10:06 | Build | Mill |
| 10:09 | Queue | Villager (Male) |
| 10:23 | Build | House |
| 10:30 | Queue | Villager (Male) |
| 10:53 | Research | Feudal Age |
| 11:41 | Build | House |
| 11:50 | Build | Mining Camp |
| 11:58 | Queue | Villager (Male) |
| 11:58 | Queue | Villager (Male) |
| 11:59 | Research | Loom |
| 13:03 | Build | House |
| 13:11 | Age | Feudal Age |
| 13:16 | Build | Market |
| 13:19 | Build | Blacksmith |
| 13:22 | Build | House |
| 13:52 | Research | Loom |
| 13:57 | Research | Double-Bit Axe |
| 13:57 | Research | Double-Bit Axe |
| 14:22 | Research | Castle Age |
| 14:22 | Research | Castle Age |
| 14:35 | Build | House |
| 14:43 | Build | House |
| 14:48 | Queue | Villager (Male) |
| 15:36 | Queue | Villager (Male) |
| 16:28 | Build | House |
| 16:30 | Build | House |
| 16:32 | Build | House |
| 16:35 | Build | House |
| 17:06 | Age | Castle Age |
| 17:10 | Research | Bow Saw |
| 17:10 | Queue | Villager (Male) |
| 17:27 | Build | Town Center |
| 17:32 | Queue | Villager (Male) |
| 17:37 | Build | House |
| 17:43 | Queue | Villager (Male) |
| 17:59 | Queue | Villager (Male) |
| 18:02 | Queue | Villager (Male) |
| 18:19 | Queue | Villager (Male) |
| 18:23 | Build | Town Center |
| 18:26 | Build | House |
| 18:29 | Build | Palisade Wall |
| 18:33 | Queue | Villager (Male) |
| 18:37 | Queue | Villager (Male) |
| 18:46 | Queue | Villager (Male) |
| 18:52 | Build | Farm |
| 18:55 | Build | Farm |
| 18:57 | Research | Horse Collar |
| 19:08 | Queue | Villager (Male) |
| 19:10 | Queue | Villager (Male) |
| 19:12 | Build | Farm |
| 19:13 | Queue | Villager (Male) |
| 19:15 | Build | Farm |
| 19:17 | Build | Farm |
| 19:23 | Build | House |
| 19:23 | Build | House |
| 19:24 | Build | House |
| 19:27 | Queue | Villager (Male) |
| 19:27 | Queue | Villager (Male) |
| 19:37 | Build | Farm |
| 19:40 | Build | Farm |
| 19:43 | Queue | Villager (Male) |
| 19:45 | Build | Palisade Wall |
| 19:48 | Build | Palisade Gate |
| 19:51 | Queue | Villager (Male) |
| 19:54 | Build | Farm |
| 19:58 | Queue | Villager (Male) |
| 20:12 | Queue | Villager (Male) |
| 20:22 | Build | Farm |
| 20:23 | Build | Farm |
| 20:25 | Build | Farm |
| 20:26 | Queue | Villager (Male) |
| 20:37 | Build | Farm |
| 20:39 | Build | Farm |
| 20:40 | Queue | Villager (Male) |
| 20:45 | Build | House |
| 20:45 | Build | House |
| 20:46 | Queue | Villager (Male) |
| 20:50 | Queue | Villager (Male) |
| 20:54 | Queue | Villager (Male) |
| 20:58 | Queue | Villager (Male) |
| 20:58 | Queue | Villager (Male) |
| 21:11 | Queue | Villager (Male) |
| 21:16 | Research | Wheelbarrow |
| 21:27 | Build | House |
| 21:27 | Build | House |
| 21:29 | Queue | Villager (Male) |
| 21:33 | Build | Monastery |
| 21:38 | Queue | Villager (Male) |
| 21:43 | Queue | Villager (Male) |
| 21:47 | Build | Farm |
| 21:52 | Queue | Villager (Male) |
| 21:59 | Queue | Villager (Male) |
| 22:01 | Build | Farm |
| 22:05 | Queue | Villager (Male) |
| 22:09 | Build | House |
| 22:12 | Queue | Villager (Male) |
| 22:19 | Build | Farm |
| 22:21 | Build | Mill |
| 22:26 | Queue | Villager (Male) |
| 22:29 | Build | Farm |
| 22:31 | Build | Farm |
| 22:33 | Build | Farm |
| 22:35 | Queue | Villager (Male) |
| 22:37 | Queue | Villager (Male) |
| 22:39 | Queue | Monk |
| 22:42 | Queue | Villager (Male) |
| 22:48 | Build | Farm |
| 22:49 | Build | Farm |
Build order — shohe
First 150 of 393 actions detected
| 0:31 | Build | Town Center |
| 2:16 | Build | House |
| 2:24 | Queue | Villager (Male) |
| 2:24 | Queue | Villager (Male) |
| 2:24 | Queue | Villager (Male) |
| 2:24 | Queue | Villager (Male) |
| 3:42 | Queue | Villager (Male) |
| 4:00 | Queue | Villager (Male) |
| 4:11 | Build | House |
| 4:34 | Queue | Villager (Male) |
| 4:38 | Build | Mill |
| 4:45 | Queue | Villager (Male) |
| 5:21 | Queue | Villager (Male) |
| 5:29 | Build | House |
| 5:47 | Queue | Villager (Male) |
| 6:26 | Queue | Villager (Male) |
| 6:38 | Build | House |
| 6:41 | Queue | Villager (Male) |
| 7:22 | Queue | Villager (Male) |
| 7:31 | Queue | Villager (Male) |
| 7:40 | Queue | Villager (Male) |
| 7:56 | Build | Lumber Camp |
| 8:36 | Queue | Villager (Male) |
| 9:01 | Research | Feudal Age |
| 9:47 | Build | House |
| 10:03 | Build | House |
| 10:15 | Build | Barracks |
| 10:37 | Queue | Villager (Male) |
| 10:39 | Build | House |
| 11:14 | Age | Feudal Age |
| 11:17 | Build | Stable |
| 11:24 | Research | Double-Bit Axe |
| 11:32 | Queue | Villager (Male) |
| 11:45 | Research | Horse Collar |
| 11:57 | Build | House |
| 12:02 | Queue | Scout Cavalry |
| 12:04 | Queue | Villager (Male) |
| 12:15 | Build | Palisade Wall |
| 12:18 | Build | Palisade Wall |
| 12:19 | Build | Palisade Wall |
| 12:20 | Build | Palisade Wall |
| 12:22 | Queue | Villager (Male) |
| 12:28 | Build | Farm |
| 12:35 | Queue | Villager (Male) |
| 12:38 | Build | Farm |
| 12:42 | Queue | Scout Cavalry |
| 13:05 | Queue | Villager (Male) |
| 13:07 | Build | House |
| 13:12 | Build | Farm |
| 13:20 | Build | Farm |
| 13:25 | Queue | Scout Cavalry |
| 13:35 | Queue | Villager (Male) |
| 13:45 | Build | Farm |
| 13:59 | Queue | Scout Cavalry |
| 14:00 | Research | Loom |
| 14:12 | Build | Farm |
| 14:19 | Build | Farm |
| 14:30 | Queue | Villager (Male) |
| 14:34 | Queue | Scout Cavalry |
| 14:55 | Queue | Villager (Male) |
| 14:57 | Build | House |
| 15:18 | Queue | Villager (Male) |
| 15:31 | Build | Farm |
| 15:34 | Queue | Scout Cavalry |
| 15:39 | Queue | Spearman |
| 15:42 | Build | Blacksmith |
| 15:49 | Queue | Villager (Male) |
| 16:15 | Queue | Villager (Male) |
| 16:18 | Queue | Scout Cavalry |
| 16:30 | Build | House |
| 16:34 | Research | Scale Barding Armor |
| 16:54 | Queue | Villager (Male) |
| 17:19 | Queue | Villager (Male) |
| 17:27 | Build | House |
| 17:34 | Build | Farm |
| 17:47 | Queue | Villager (Male) |
| 18:01 | Build | Farm |
| 18:03 | Build | House |
| 18:13 | Build | Farm |
| 18:14 | Build | Farm |
| 18:15 | Build | Farm |
| 18:17 | Queue | Villager (Male) |
| 18:29 | Build | Farm |
| 18:32 | Build | House |
| 18:34 | Build | House |
| 18:54 | Research | Castle Age |
| 19:03 | Build | House |
| 19:16 | Build | Palisade Wall |
| 19:37 | Research | Bloodlines |
| 19:53 | Build | Market |
| 20:30 | Queue | Scout Cavalry |
| 20:30 | Queue | Scout Cavalry |
| 21:07 | Queue | Scout Cavalry |
| 21:21 | Queue | Villager (Male) |
| 21:34 | Age | Castle Age |
| 21:37 | Build | House |
| 21:40 | Build | Town Center |
| 21:48 | Research | Chain Barding Armor |
| 21:50 | Queue | Villager (Male) |
| 22:18 | Queue | Scout Cavalry |
| 22:27 | Queue | Villager (Male) |
| 22:39 | Build | Farm |
| 22:40 | Queue | Villager (Male) |
| 22:44 | Build | Town Center |
| 22:54 | Queue | Villager (Male) |
| 22:58 | Queue | Villager (Male) |
| 23:09 | Queue | Villager (Male) |
| 23:18 | Queue | Camel Scout |
| 23:23 | Queue | Scout Cavalry |
| 23:29 | Queue | Villager (Male) |
| 23:33 | Queue | Villager (Male) |
| 23:53 | Queue | Villager (Male) |
| 23:57 | Queue | Villager (Male) |
| 24:02 | Build | Lumber Camp |
| 24:13 | Research | Forging |
| 24:15 | Queue | Villager (Male) |
| 24:18 | Build | Farm |
| 24:22 | Queue | Villager (Male) |
| 24:27 | Research | Husbandry |
| 24:44 | Build | Farm |
| 24:53 | Research | Bow Saw |
| 24:54 | Queue | Villager (Male) |
| 25:05 | Build | Farm |
| 25:08 | Queue | Villager (Male) |
| 25:11 | Queue | Scout Cavalry |
| 25:16 | Queue | Villager (Male) |
| 25:30 | Queue | Villager (Male) |
| 25:43 | Queue | Villager (Male) |
| 25:47 | Queue | Villager (Male) |
| 25:49 | Queue | Villager (Male) |
| 25:57 | Queue | Villager (Male) |
| 26:01 | Build | Farm |
| 26:05 | Queue | Villager (Male) |
| 26:14 | Build | Farm |
| 26:14 | Build | Farm |
| 26:15 | Build | Farm |
| 26:15 | Build | Farm |
| 26:27 | Build | Farm |
| 26:29 | Queue | Villager (Male) |
| 26:30 | Queue | Villager (Male) |
| 26:31 | Build | Farm |
| 26:31 | Build | Farm |
| 26:31 | Build | Farm |
| 26:31 | Build | Farm |
| 26:32 | Build | Farm |
| 26:35 | Queue | Villager (Male) |
| 26:46 | Queue | Villager (Male) |
| 26:57 | Queue | Villager (Male) |
| 26:59 | Queue | Villager (Male) |
| 27:20 | Queue | Villager (Male) |
Match timeline
| 7:17 | BM · wall_segment Palisade Wall x5 |
| 7:55 | BM · wall_segment Palisade Wall x1 |
| 7:56 | BM · wall_segment Palisade Wall x1 |
| 8:25 | arlesienne · wall_segment Palisade Wall x3 |
| 9:45 | ryannn · first_building Barracks |
| 9:45 | kome · wall_segment Palisade Wall x7 |
| 9:49 | kome · wall_segment Palisade Wall x8 |
| 10:15 | shohe · first_building Barracks |
| 11:12 | ryannn · age_up feudal |
| 11:13 | ryannn · first_building Stable |
| 11:14 | shohe · age_up feudal |
| 11:17 | shohe · first_building Stable |
| 11:24 | arlesienne · wall_segment Palisade Wall x5 |
| 11:25 | BM · first_building Barracks |
| 11:54 | kome · age_up feudal |
| 12:13 | BM · age_up feudal |
| 12:15 | shohe · wall_segment Palisade Wall x1 |
| 12:16 | 華緑 · first_building Barracks |
| 12:18 | shohe · wall_segment Palisade Wall x1 |
| 12:19 | shohe · wall_segment Palisade Wall x1 |
| 12:20 | shohe · wall_segment Palisade Wall x1 |
| 12:20 | BM · first_building Stable |
| 12:24 | konitan12 · wall_segment Palisade Wall x1 |
| 12:28 | konitan12 · wall_segment Palisade Wall x1 |
| 12:37 | arlesienne · age_up feudal |
| 12:43 | BM · wall_segment Palisade Wall x16 |
| 12:45 | ryannn · wall_segment Stone Wall x1 |
| 13:06 | arlesienne · wall_segment Palisade Wall x1 |
| 13:11 | danob · age_up feudal |
| 13:14 | kome · first_market_sell 100 wood |
| 13:15 | kome · first_market_buy 100 food |
| 13:18 | konitan12 · age_up feudal |
| 13:30 | 華緑 · age_up feudal |
| 13:42 | arlesienne · wall_segment Palisade Wall x7 |
| 13:42 | konitan12 · wall_segment Palisade Wall x5 |
| 13:43 | arlesienne · wall_segment Palisade Wall x4 |
| 13:43 | 華緑 · first_building Archery Range |
| 14:32 | arlesienne · wall_segment Palisade Wall x3 |
| 14:32 | arlesienne · wall_segment Palisade Wall x8 |
| 15:23 | ryannn · wall_segment Stone Wall x6 |
| 16:02 | kome · age_up castle |
| 16:13 | konitan12 · age_up castle |
| 16:27 | arlesienne · age_up castle |
| 16:50 | arlesienne · first_building Castle |
| 17:06 | danob · age_up castle |
| 17:21 | BM · wall_segment Palisade Wall x16 |
| 17:22 | kome · first_building Monastery |
| 17:27 | konitan12 · first_building Monastery |
| 17:29 | konitan12 · wall_segment Palisade Wall x3 |
| 18:16 | 華緑 · age_up castle |
| 18:25 | arlesienne · wall_segment Stone Wall x1 |
| 18:29 | danob · wall_segment Palisade Wall x1 |
| 18:33 | arlesienne · first_market_sell 100 stone |
| 18:34 | arlesienne · first_market_buy 100 food |
| 19:11 | arlesienne · wall_segment Palisade Wall x1 |
| 19:16 | shohe · wall_segment Palisade Wall x13 |
| 19:20 | BM · wall_segment Palisade Wall x11 |
| 19:38 | konitan12 · wall_segment Palisade Wall x1 |
| 19:40 | konitan12 · wall_segment Palisade Wall x1 |
| 19:42 | konitan12 · wall_segment Palisade Wall x1 |
| 19:45 | danob · wall_segment Palisade Wall x5 |
| 21:29 | konitan12 · wall_segment Palisade Wall x1 |
| 21:33 | danob · first_building Monastery |
| 21:34 | shohe · age_up castle |
| 21:47 | shohe · first_market_buy 100 food |
| 22:31 | konitan12 · first_building Barracks |
| 23:50 | konitan12 · first_building Stable |
| 24:19 | konitan12 · first_market_buy 100 stone |
| 24:26 | BM · age_up castle |
| 25:44 | ryannn · age_up castle |
| 26:14 | BM · first_building Castle |
| 26:17 | kome · first_building Castle |
| 26:50 | danob · first_building Barracks |
| 27:42 | danob · first_building Archery Range |
| 27:51 | kome · first_building Barracks |
| 28:00 | danob · first_building Castle |
| 28:10 | konitan12 · wall_segment Palisade Wall x1 |
| 29:07 | ryannn · first_market_buy 100 food |
| 29:20 | arlesienne · first_building Barracks |
| 29:43 | BM · wall_segment Palisade Wall x1 |
| 30:29 | arlesienne · first_building Monastery |
| 30:39 | danob · age_up imperial |
| 30:59 | kome · age_up imperial |
| 31:00 | konitan12 · age_up imperial |
| 31:00 | shohe · first_building Castle |
| 31:39 | danob · first_building Siege Workshop |
| 31:41 | shohe · first_building Monastery |
| 32:21 | 華緑 · first_building Monastery |
| 32:23 | arlesienne · first_building Stable |
| 32:29 | shohe · first_building Archery Range |
| 33:17 | arlesienne · first_building Archery Range |
| 33:35 | ryannn · first_market_sell 100 stone |
| 33:48 | arlesienne · age_up imperial |
| 35:06 | ryannn · first_building Monastery |
| 35:29 | shohe · age_up imperial |
| 36:18 | 華緑 · age_up imperial |
| 36:30 | 華緑 · first_building Castle |
| 36:46 | shohe · first_market_sell 100 stone |
| 37:20 | shohe · first_building Siege Workshop |
| 37:21 | ryannn · first_building Castle |
| 38:49 | ryannn · age_up imperial |
| 39:06 | danob · first_market_buy 100 food |
| 40:05 | BM · first_market_buy 100 food |
| 40:48 | BM · wall_segment Stone Wall x9 |
| 40:58 | BM · wall_segment Stone Wall x2 |
| 41:00 | BM · wall_segment Stone Wall x10 |
| 41:11 | BM · wall_segment Stone Wall x8 |
| 42:34 | konitan12 · first_building Castle |
| 43:11 | ryannn · first_building Siege Workshop |
| 43:16 | BM · age_up imperial |
| 43:37 | kome · wall_segment Stone Wall x21 |
| 44:18 | ryannn · wall_segment Stone Wall x2 |
| 44:19 | ryannn · wall_segment Stone Wall x1 |
| 45:10 | ryannn · first_building Archery Range |
| 45:33 | danob · wall_segment Stone Wall x4 |
| 45:49 | BM · first_market_sell 100 food |
| 46:45 | BM · wall_segment Stone Wall x9 |
| 47:01 | BM · wall_segment Stone Wall x6 |
| 47:32 | konitan12 · wall_segment Palisade Wall x6 |
| 47:36 | konitan12 · wall_segment Palisade Wall x3 |
| 48:47 | danob · resign |
[ AI ANALYSIS · 1 CREDIT ]
What really happened in this match?
Wolo.gg analyzes every decision: build order, eco, micro, common mistakes by bracket. Personalized analysis on WhatsApp or Discord in 30 seconds.
Civ guide
Britons
Perfil
Jugador #8521512